 Dungeon Crawl Stone Soup version 0.29.1-2-gbd0b4ee654 (webtiles) character file.

Game seed: 10843277445518052189

166 mortz the Magician (level 5, -5/24 HPs)
             Began as a Spriggan Earth Elementalist on Oct 26, 2022.
             Slain by Edmund
             ... wielding a +2 dire flail of protection
              (15 damage)
             ... on level 4 of the Dungeon.
             The game lasted 00:21:36 (4533 turns).

mortz the Magician (Spriggan Earth Elementalist)    Turns: 4533, Time: 00:21:36

Health: -5/24      AC:  3    Str:  4    XL:     5   Next: 22%
Magic:  9/12       EV: 17    Int: 23    God:
Gold:   156        SH:  0    Dex: 15    Spells: 6/12 levels left

rFire   . . .      SeeInvis +   u - +7 mace of Dissolution {vorpal, Int+4}
rCold   . . .      Faith    .   (no shield)
rNeg    . . .      Spirit   .   a - +0 robe
rPois   .          Reflect  .   (helmet restricted)
rElec   .          Harm     .   j - +0 cloak
rCorr   .          Rampage  .   (gloves unavailable)
Will    .....                   (boots unavailable)
Stlth   ++........              (no amulet)
HPRegen 0.08/turn               (no ring)
MPRegen 0.13/turn               (no ring)

@: very slightly contaminated, very quick
A: very small, no large weapons, unfitting armour, see invisible, speed 3
a: no special abilities


You were on level 4 of the Dungeon.
You visited 1 branch of the dungeon, and saw 4 of its levels.

You collected 218 gold pieces.
You spent 62 gold pieces at shops.

Inventory:

Hand Weapons
 d - a +0 spear
 e - a +0 hand axe
 g - a +0 dagger
 l - a +0 short sword
 n - a +0 dagger
 u - the +7 mace of Dissolution (weapon) {vorpal, Int+4}
   (You found it on level 3 of the Dungeon)

   It inflicts extra damage upon your enemies.
   Int:       It affects your intelligence (+4).
Missiles
 f - 2 throwing nets
Armour
 a - a +0 robe (worn)
 j - a +0 cloak (worn)
Scrolls
 h - a scroll of identify
 p - 3 scrolls of teleportation
Potions
 c - a potion of brilliance
 i - a potion of lignification
 k - a potion of invisibility
 m - 2 potions of heal wounds
 o - a potion of mutation
 q - a potion of attraction
 r - a potion of curing


   Skills:
 + Level 0.1 Axes
 + Level 3.0 Dodging
 + Level 3.6 Stealth
 + Level 4.4 Spellcasting
 + Level 1.3 Transmutations
 + Level 4.3 Earth Magic


You had 6 spell levels left.
You knew the following spells:

 Your Spells              Type           Power      Damage    Failure   Level
a - Sandblast             Erth           50%        2d12      1%          1
p - Passwall              Tmut/Erth      15%        N/A       4%          2
s - Stone Arrow           Conj/Erth      30%        3d8       12%         3

Your spell library contained the following spells:

 Spells                   Type           Power      Damage    Failure   Level
 Ozocubu's Armour         Ice            5%         N/A       30%         3
 Petrify                  Tmut/Erth      18%        N/A       30%         4
 Metabolic Englaciation   Hex/Ice        2%         N/A       95%         5
 Simulacrum               Ice/Necr       2%         N/A       100%        6


Dungeon Overview and Level Annotations

Branches:
Dungeon (4/15) Zot: 20469
 Temple: D:4-7

Altars:
Nemelex Xobeh
Zin

Shops:
D:1 *   D:3 !

Portals:
Sewer: D:4

Annotations:
D:4 exclusion: black bear, Edmund


Innate Abilities, Weirdness & Mutations

You are very small and have problems with some larger weapons.
You are too small for most types of armour.
You have supernaturally acute eyesight. (SInv)
You cover ground extremely quickly. (Speed+++)


Message History

Edmund is severely wounded.
Edmund says, "I'm quite good with sums, too."
Edmund barely misses you.
The blast of sand hits Edmund but does no damage.
Edmund is severely wounded.
Edmund hits you with a +2 dire flail of protection.
The blast of sand hits Edmund but does no damage.
Edmund is severely wounded.
You hear the slow hiss of a very distant avalanche of sand.
You hear the slow rusting of a distant drain.
Edmund hits you with a +2 dire flail of protection!
The orc shouts!
The goblin shouts!
You are too injured to fight recklessly!
You are too injured to fight recklessly!
Aiming: Sandblast (safe; 1% risk of failure)
Press: ? - help, Q - select action, (/) - cycle Shift-Dir - straight line, f/p - Edmund
Aim: Edmund, wielding a +2 dire flail of protection and wearing a +0 chain mail (severely wounded, 87% to hit)
The blast of sand hits Edmund but does no damage.
Edmund is severely wounded.
Edmund barely misses you.
Casting: Sandblast (safe; 1% risk of failure)
Confirm with . or Enter, or press ? or * to list all spells.
You don't have enough magic to cast this spell.
Unknown command.
Magic courses through your body.
Casting: Sandblast (safe; 1% risk of failure)
Confirm with . or Enter, or press ? or * to list all spells.
Okay, then.
Casting: Sandblast (safe; 1% risk of failure)
Confirm with . or Enter, or press ? or * to list all spells.
The spell is quite dangerous to miscast (12% risk of failure)!
Continue anyway?
Aiming: Stone Arrow (quite dangerous; 12% risk of failure)
Press: ? - help, Shift-Dir - straight line, f/p - Edmund
Aim: Edmund, wielding a +2 dire flail of protection and wearing a +0 chain mail (severely wounded, 77% to hit)
You miscast Stone Arrow.
You are very lightly contaminated with residual magic.
Nothing appears to happen.
Edmund hits you with a +2 dire flail of protection!
Ouch! That really hurt!
You die...

#......†.....#.#
###.########...#
#.# ##.## #.#
#.# #.# #.# #.#
#.# #.# ###.#
#..######...#
#...og.@@.###
#....####.# ####
#.# ####.####.#
..........#
##.##...#
#<###.# #...?.#
.# .......<# h#


You could see Edmund, an orc and a goblin.

Vanquished Creatures
  Terence (D:3)
  4 gnolls
  2 adders (D:2)
  A dart slug (D:1)
  7 orcs (D:3)
  5 ball pythons
  7 bats
  7 endoplasms
  2 giant cockroaches (D:2)
  4 goblins
  7 hobgoblins
  3 jackals (D:3)
  8 kobolds
  4 quokkas
  5 frilled lizards
  7 rats
74 creatures vanquished.

Vanquished Creatures (others)
  78 plants (D:1)
78 creatures vanquished.

Grand Total: 152 creatures vanquished

Notes
Turn   | Place    | Note
-------+----------+-------------------------------------------
     0 | D:1      | mortz the Spriggan Earth Elementalist began the quest for
                  | the Orb.
     0 | D:1      | Reached XP level 1. HP: 9/9 MP: 5/5
    88 | D:1      | Reached XP level 2. HP: 10/13 MP: 0/6
   221 | D:1      | Found a faded altar of an unknown god.
   296 | D:1      | Learned a level 2 spell: Passwall
   450 | D:1      | Found Kocasox's General Store.
   459 | D:1      | Bought a scroll of identify for 20 gold pieces
   732 | D:1      | Reached XP level 3. HP: 16/16 MP: 6/8
   922 | D:1      | Learned a level 3 spell: Stone Arrow
  1761 | D:2      | Reached XP level 4. HP: 15/21 MP: 4/10
  1935 | D:2      | Found a glowing silver altar of Zin.
  2591 | D:3      | Noticed Terence
  3302 | D:3      | Killed Terence
  3849 | D:3      | Reached XP level 5. HP: 16/24 MP: 7/12
  3956 | D:3      | Found Fiptun's Distillery.
  3959 | D:3      | Bought a potion of curing for 42 gold pieces
  4152 | D:3      | Found a sparkling altar of Nemelex Xobeh.
  4277 | D:3      | Identified the +1 helmet of Freedom {Str+4}
  4319 | D:3      | Identified the +7 mace of Dissolution {vorpal, Int+4}
  4436 | D:4      | Noticed a black bear
  4475 | D:4      | Found a glowing drain.
  4475 | D:4      | Noticed Edmund
  4533 | D:4      | Slain by Edmund

Illustrated notes

Levels and vault maps discovered:
D:1:      roderic_crop_circles_arrival_small, layout_loops_ring,
          ebering_ecumenical_altar_mist, serial_shops,
          nicolae_shop_behind_doors, grunt_decor_resistance
D:2:      layout_loops_ring, basic_altar
D:3:      layout_basic, nemelex_dance_club_becter, serial_shops,
          nicolae_shop_behind_doors, uniq_terence
D:4:      layout_loops_ring, cheibrodos_ashenzari_chains, minitemple,
          temple_fountains, cheibrodos_sewer_entry_bend, enter_ossuary_1,
          nicolae_shop_unique_rings, uniq_edmund

Skill      XL: |  1  2  3  4 |
---------------+-------------+-----
Earth Magic    | 3 4 |  4.3
Spellcasting   | 3 4 |  4.4
Dodging        | 3 |  3.0
Axes           | |  0.1
Stealth        | |  3.6
Transmutations | |  1.3

Action                   |  1- 3 |  4- 6 || total
-------------------------+-------+-------++-------
Melee: Hand axe          |     4 |       ||     4
       Unarmed           |     2 |       ||     2
       Short sword       |     1 |       ||     1
       Dagger            |     4 |     4 ||     8
 Cast: Sandblast         |    62 |    87 ||   149
  Use: Scroll            |     3 |     9 ||    12
       Potion            |       |     1 ||     1
 Stab: Sleeping          |     5 |     3 ||     8
Armor: Robe              |     3 |       ||     3
Dodge: Dodged            |    29 |    47 ||    76
